 Dungeon Crawl Stone Soup version 0.19-a0-1786-g230130f (webtiles) character file.

21 Alarkh the Grave Robber (level 2, -3/19 HPs)
             Began as a Mummy Necromancer on Oct 3, 2016.
             Slain by a gnoll
             ... wielding a +0 whip
              (8 damage)
             ... on level 1 of the Dungeon.
             The game lasted 00:01:31 (799 turns).

Alarkh the Grave Robber (Mummy Necromancer)          Turns: 799, Time: 00:01:31

Health: -3/19      AC:  2    Str: 11    XL:     2   Next: 65%
Magic:  0/5        EV: 12    Int: 14    God:
Gold:   7          SH:  0    Dex: 12    Spells: 1 memorised, 5 levels left

rFire  x . .     SeeInvis .     c - +0 short sword
rCold  + . .     Gourm    .     a - +0 robe
rNeg   + + +     Faith    .     (no shield)
rPois  ∞         Spirit   .     (no helmet)
rElec  .         Dismiss  .     (no cloak)
rCorr  .         Reflect  .     (no gloves)
MR     .....     Harm     .     (no boots)
Stlth  ++........               (no amulet)
                                (no ring)
                                (no ring)

@: very slightly contaminated
A: no food or potions, fire vulnerability, cold resistance 1, negative energy
resistance 3, torment resistance, unbreathing
a: no special abilities


You were on level 1 of the Dungeon.
You were not hungry.

You visited 1 branch of the dungeon, and saw 2 of its levels.

You collected 7 gold pieces.

Inventory:

Hand Weapons
 c - a +0 short sword (weapon)
Armour
 a - a +0 robe (worn)
Scrolls
 d - a scroll of blinking {unknown}
Books
 b - a book of Necromancy

   Spells                             Type                      Level
   a - Pain                           Necromancy                   1
   b - Animate Skeleton               Necromancy                   1
   c - Vampiric Draining              Necromancy                   3
   d - Regeneration                   Charms/Necromancy            3
   e - Animate Dead                   Necromancy                   4
   f - Control Undead                 Necromancy                   4


   Skills:
 - Level 1.5 Dodging
 - Level 1.5 Stealth
 + Level 2.6 Spellcasting
 + Level 4.3 Necromancy


You had 5 spell levels left.
You knew the following spells:

 Your Spells              Type           Power        Failure   Level  Hunger
a - Pain                  Necr           ##..         3%          1    N/A

Dungeon Overview and Level Annotations

Branches:
Dungeon (2/15)

Altars:


Innate Abilities, Weirdness & Mutations

You do not eat or drink.
Your flesh is vulnerable to fire.
You are immune to poison.
Your flesh is cold resistant. (rC+)
You are immune to negative energy. (rN+++)
You are immune to unholy pain and torment.
You can survive without breathing.


Message History

You hit the gnoll but do no damage.
The gnoll is severely wounded.
The gnoll hits you with a whip!
Ouch! That really hurt!
* * * LOW HITPOINT WARNING * * *
Casting: Pain
Confirm with . or Enter, or press ? or * to list all spells.
Aiming: Pain
Press: ? - help, Shift-Dir - straight line, f/p - gnoll
Aim: a gnoll, wielding a whip (severely wounded, chance to defeat MR: 79%)
The gnoll writhes in agony!
The gnoll closely misses you.
Casting: Pain
Confirm with . or Enter, or press ? or * to list all spells.
Aiming: Pain
Press: ? - help, Shift-Dir - straight line, f/p - gnoll
Aim: a gnoll, wielding a whip (severely wounded, chance to defeat MR: 79%)
You miscast Pain.
You are very lightly contaminated with residual magic.
You feel very uncomfortable. The gnoll hits you with a whip!
You die...

#.## #....# # #..# #....# #
##.# ##....# # #.##### #.(...#
# #.....# #.....# # ##..#.##
#.....# # #..#..### #.....# ##
#....!..#### ##.#.### .#
#.......g@.###..#.#
.#######.......##..##.##.##
..)..........K.###†...##>.#####
...####.........##.#.####.##..#
...#....#........#.#..###.....#
...#.########..#...........##.#
.....# ##.#..........(#..###
...#.######
#..............(#...
..........#
##.................#


You could see a gnoll and a kobold.

Vanquished Creatures
  A ball python (D:1)
  A giant cockroach (D:1)
  A goblin (D:1)
  A hobgoblin (D:2)
  4 jackals (D:1)
  3 kobolds (D:1)
  A bat (D:1)
  A frilled lizard (D:1)
  7 rats (D:1)
20 creatures vanquished.

Vanquished Creatures (others)
  4 toadstools (D:1)
4 creatures vanquished.

Grand Total: 24 creatures vanquished

Notes
Turn   | Place    | Note
-------+----------+-------------------------------------------
     0 | D:1      | Alarkh the Mummy Necromancer began the quest for the Orb.
     0 | D:1      | Reached XP level 1. HP: 13/13 MP: 3/3
   138 | D:1      | Reached XP level 2. HP: 13/19 MP: 0/5
   799 | D:1      | Slain by a gnoll

Vault maps used:
D:1:      ldierk_walled_garden_2
D:2:      lemuel_upstairs_altar, first_bread, uniq_sigmund, uniq_iyjb

Action                   || total
-------------------------++-------
Melee: Short sword       ||     8
       Unarmed           ||     1
 Cast: Pain              ||    44
Armor: Robe              ||     8
Dodge: Dodged            ||    25
